 Dungeon Crawl Stone Soup version 0.19.5 (webtiles) character file.

270 Jerry the Shooter (level 6, -5/51 HPs)
             Began as a Centaur Hunter on May 14, 2017.
             Slain by a hippogriff (11 damage)
             ... on level 3 of the Dungeon.
             The game lasted 00:09:33 (4245 turns).

Jerry the Shooter (Centaur Hunter)                  Turns: 4245, Time: 00:09:34

Health: -5/51      AC:  5    Str: 15    XL:     6   Next: 1%
Magic:  6/6        EV: 10    Int: 10    God:
Gold:   196        SH:  0    Dex: 11    Spells: 0 memorised, 5 levels left

rFire  . . .     SeeInvis +     n - +0 spear
rCold  . . .     Gourm    .     c - +0 leather armour
rNeg   . . .     Faith    .     (no shield)
rPois  .         Spirit   .     e - +1 hat
rElec  .         Reflect  .     (no cloak)
rCorr  .         Harm     .     (no gloves)
MR     .....                    (no barding)
Stlth  ++........               (no amulet)
                                k - ring of stealth
                                h - ring of see invisible

@: drained, very quick
A: hooves 3, deformed body, speed 2, tough skin 3
a: no special abilities


You were on level 3 of the Dungeon.
You were not hungry.

You visited 1 branch of the dungeon, and saw 4 of its levels.

You collected 196 gold pieces.

Inventory:

Hand Weapons
 a - a +1 shortbow
 n - a +0 spear (weapon)
Missiles
 d - 10 arrows
Armour
 b - a +0 buckler
 c - a +0 leather armour (worn)
 e - a +1 hat (worn)
Jewellery
 h - a ring of see invisible (left hand)
 k - a ring of stealth (right hand)
 l - an uncursed ring of positive energy {unknown}
Wands
 g - a wand of confusion (11/48)
Scrolls
 j - a scroll of blinking {unknown}
 o - a scroll of remove curse {unknown}
 p - 4 scrolls of identify {unknown}
 q - a scroll of fear {unknown}
 r - a scroll of noise {unknown}
 t - 2 scrolls of enchant armour {unknown}
 w - a scroll of random uselessness {unknown}
 x - a scroll of teleportation {unknown}
Potions
 i - a potion of cure mutation {unknown}
 m - a potion of heal wounds {unknown}
 v - a potion of lignification {unknown}
Comestibles
 f - a bread ration
 s - a beef jerky
 u - 2 fruits
 z - 2 chunks of flesh


   Skills:
 + Level 3.0 Fighting
 * Level 3.0 Polearms
 + Level 6.3 Bows
 + Level 1.4 Armour
 + Level 2.1 Dodging
 - Level 0.4 Stealth


You had 5 spell levels left.
You didn't know any spells.

Dungeon Overview and Level Annotations

Branches:
Dungeon (4/15)
 Temple: D:4-7

Altars:
Vehumet


Innate Abilities, Weirdness & Mutations

You have hooves in place of feet.
Armour fits poorly on your strangely shaped body.
You cover ground very quickly.
You have extremely tough skin. (AC +3)


Message History

The hippogriff claws you but does no damage.
You hit the hippogriff.
You kick the hippogriff, but do no damage.
The hippogriff is heavily wounded.
The hobgoblin hits you with a club.
* * * LOW HITPOINT WARNING * * *
The hippogriff bites you but does no damage.
The hippogriff barely misses you.
The hippogriff claws you but does no damage.
You hit the hippogriff.
You kick the hippogriff, but do no damage.
The hippogriff is severely wounded.
The hobgoblin hits you but does no damage.
The hippogriff barely misses you.
The hippogriff pecks you but does no damage.
The hippogriff closely misses you.
You hit the hippogriff. You kick the hippogriff.
The hippogriff is severely wounded.
The hippogriff bites you!
You die...

...## ##..##...##.....## #.#
.#..###...####..#)..#..## #.#
..................####..# #.##
###...##..######..#####.######.#.
#........# ##.b.###..[.......
#...#.##.# ##.#...รท..........
#.....##(#####...##............
###..#..#.((..#g..........#####<.
.....#...(.....H@#.)......# #..
...............###>((.....# #..
.......#####..## #####.#### ###
...............# #..#
..##)..#####.#.### ##.# ..##...#
#.....######.# ###### ####...#
##.##......#.# #..... #####
#...#####.#.## #..... ###.#
#....###.....


You could see a hippogriff, a hobgoblin and a bat.

Vanquished Creatures
  An orc priest (D:4)
  A bullfrog skeleton (D:4)
  An orc wizard (D:3)
  A worker ant (D:4)
  7 adders
  An ooze (D:2)
  A worm (D:3)
  2 dart slugs
  3 leopard geckos
  9 orcs
  4 ball pythons
  2 giant cockroaches
  7 hobgoblins
  8 jackals
  2 quokkas
  7 bats
  2 frilled lizards (D:1)
  10 goblins
  8 kobolds
  7 rats
84 creatures vanquished.

Notes
Turn   | Place    | Note
-------+----------+-------------------------------------------
     0 | D:1      | Jerry the Centaur Hunter began the quest for the Orb.
     0 | D:1      | Reached XP level 1. HP: 17/17 MP: 1/1
   539 | D:1      | Reached XP level 2. HP: 24/24 MP: 2/2
   782 | D:1      | Reached skill level 1 in Polearms
  1006 | D:1      | Reached XP level 3. HP: 29/29 MP: 3/3
  1502 | D:2      | Found a radiant altar of Vehumet.
  1839 | D:2      | Reached XP level 4. HP: 26/37 MP: 4/4
  2669 | D:3      | Reached skill level 6 in Bows
  2681 | D:3      | Reached skill level 1 in Armour
  2681 | D:3      | Reached XP level 5. HP: 42/42 MP: 5/5
  4181 | D:3      | Reached XP level 6. HP: 43/51 MP: 6/6
  4224 | D:3      | Noticed a hippogriff
  4245 | D:3      | Slain by a hippogriff

Skill      XL: |  1  2  3  4  5 |
---------------+----------------+-----
Polearms       | 1 2 3 |  3.0
Bows           | 6 |  6.3
Armour         | 1 |  1.4
Dodging        | 2 |  2.1
Fighting       | 3 |  3.0
Stealth        | |  0.4

Action                   |  1- 3 |  4- 6 || total
-------------------------+-------+-------++-------
Melee: Spear             |   129 |   206 ||   335
       Kick              |    15 |    27 ||    42
 Fire: Shortbow          |    26 |    22 ||    48
  Use: Potion            |       |     2 ||     2
 Stab: Sleeping          |    12 |       ||    12
       Distracted        |     1 |       ||     1
  Eat: Chunk             |     2 |     7 ||     9
Armor: Leather armour    |    34 |    57 ||    91
Dodge: Dodged            |    53 |    80 ||   133
